 Dungeon Crawl Stone Soup version 0.29.1-13-g9f3cf754e1 (webtiles) character file.

Game seed: 15173137050957902400

126654 javelincjr the Eclecticist (level 17, -3/90 HPs)
             Began as a Djinni Fire Elementalist on Jan 31, 2023.
             Was the Champion of Hepliaklqana.
             Slain by a +1 vorpal dire flail (15 damage)
             ... on level 1 of the Elven Halls on Feb 2, 2023.
             The game lasted 03:56:15 (31103 turns).

javelincjr the Eclecticist (DjFE)                  Turns: 31103, Time: 03:56:16

Health: -3/90      AC: 19    Str: 11    XL:     17   Next: 54%
Gold:   1843       EV: 14    Int: 18    God:    Hepliaklqana [******] SH:  0 Dex: 15

rFire   + + .      SeeInvis +   M - +7 quarterstaff "Ukkir" {vamp, rC+ MP+9 Int-2 SInv}
rCold   . . .      Faith    .   (shield currently unavailable)
rNeg    . . .      Spirit   .   K - +1 troll leather armour {Snorg}
rPois   ∞          Reflect  .   t - +2 hat {Will+}
rElec   .          Harm     .   a - +2 cloak {rPois}
rCorr   .          Rampage  .   y - +1 pair of gloves
Will    ++...                   (boots unavailable)
Stlth   +++.......              I - amulet of the acrobat
HPRegen 1.05/turn               w - +4 ring of protection
MPRegen 0.00/turn               j - ring of wizardry

@: flying
A: reduced essence, sickness immunity, fire resistance 2, cold vulnerability 1,
float, innate caster, HP casting, extra vitality 1, claws 1, wild magic 1
a: Renounce Religion, Recall Ancestor, Ancestor Identity, Transference, Idealise


You were on level 1 of the Elven Halls.
You worshipped Hepliaklqana.
Hepliaklqana was exalted by your worship.
You visited 5 branches of the dungeon, and saw 25 of its levels.

You collected 2369 gold pieces.
You spent 526 gold pieces at shops.

Inventory:

Hand Weapons
 r - the +5 dagger of Veroroim {freeze, +Blink Str-5 Int+5 Dex+4}
   (You found it on level 3 of the Dungeon)

   It freezes those it strikes, dealing additional cold damage.
   It can also slow down cold-blooded creatures.
   Str:       It affects your strength (-5).
   Int:       It affects your intelligence (+5).
   Dex:       It affects your dexterity (+4).
   +Blink:    It lets you blink.
 J - a +4 sling of freezing
 M - the +7 quarterstaff "Ukkir" (weapon) {vamp, rC+ MP+9 Int-2 SInv}
   (You found it on level 4 of the Lair of Beasts)

   It occasionally heals its wielder for a portion of the damage dealt when it
   wounds a living foe.
   Int:       It affects your intelligence (-2).
   rC:        It protects you from cold.
   MP:        It affects your magic capacity (+9).
   SInv:      It lets you see invisible.
 R - a +0 short sword of holy wrath
Armour
 a - a +2 cloak of poison resistance (worn)
 f - a +4 chain mail
 t - a +2 hat of willpower (worn)
 y - a +1 pair of gloves (worn)
 H - a +0 kite shield
 K - a +1 troll leather armour (worn) {Snorg}
Jewellery
 j - a ring of wizardry (right hand)
 k - an amulet of faith
 v - an amulet of reflection
 w - a +4 ring of protection (left hand)
 I - an amulet of the acrobat (around neck)
Wands
 b - a wand of flame (70)
 d - a wand of charming (6)
 x - a wand of mindburst (27)
 F - a wand of quicksilver (4)
 O - a wand of polymorph (3)
 P - a wand of digging (7)
 Q - a wand of roots (21)
Scrolls
 c - 10 scrolls of teleportation
 e - 3 scrolls of magic mapping
 g - 9 scrolls of identify
 m - 5 scrolls of enchant weapon
 C - a scroll of blinking {unknown}
 D - 3 scrolls of brand weapon
 G - 4 scrolls of poison
 L - 3 scrolls of silence
 N - 2 scrolls of fear
 Y - 2 scrolls of butterflies
Potions
 h - a potion of invisibility
 i - 3 potions of cancellation
 l - 5 potions of might
 n - 6 potions of haste
 p - a potion of brilliance
 q - 12 potions of curing
 s - 3 potions of mutation
 A - 2 potions of ambrosia
 B - 5 potions of berserk rage
 E - a potion of resistance
 Z - 3 potions of heal wounds
Miscellaneous
 o - a lightning rod (4/4)
 u - a condenser vane
 z - a phial of floods
 S - a lightning rod (4/4)
 T - a phantom mirror
 U - a lightning rod (4/4)
 V - a piece from Xom's chessboard (15/15)


   Skills:
 + Level 2.6 Fighting
 + Level 3.9 Short Blades
 - Level 11.9 Armour
 + Level 5.6 Dodging
 + Level 5.2 Stealth
 + Level 0.6 Shields
 + Level 18.8 Spellcasting
 * Level 10.4 Evocations


You had 7 spell levels left.
You knew the following spells:

 Your Spells              Type           Power      Damage    Failure   Level
a - Foxfire               Conj/Fire      100%       2x1d9     1%          1
b - Scorch                Fire           100%       2d10      1%          2
c - Conjure Flame         Conj/Fire      84%        6-21      1%          3
d - Inner Flame           Hex/Fire       84%        N/A       1%          3
e - Flame Wave            Conj/Fire      84%        2d18      1%          4
f - Sting                 Tmut/Pois      100%       1d8       1%          1
g - Wereblood             Tmut           84%        N/A       1%          2
h - Ozocubu's Armour      Ice            84%        N/A       1%          3
i - Summon Ice Beast      Ice/Summ       84%        N/A       1%          4
j - Silence               Hex/Air        42%        N/A       1%          5
k - Alistair's Intoxicat  Tmut/Pois      56%        N/A       1%          5
l - Summon Cactus Giant   Summ           42%        N/A       1%          6
m - Summon Hydra          Summ           42%        N/A       1%          7
Your spell library was empty.

Dungeon Overview and Level Annotations

Branches:
Dungeon (15/15)            Temple (1/1) D:6            Lair (5/5) D:11
  Swamp (0/4) Lair:3       Spider (0/4) Lair:2        Slime (0/5) Lair:5
    Orc (2/2) D:12            Elf (2/3) Orc:2        Vaults (0/5) D:14
 Depths (0/4) D:15

Altars:
Ashenzari
Cheibriados
Dithmenos
Elyvilon
Fedhas
Gozag
Hepliaklqana
Makhleb
Nemelex Xobeh
Okawaru
Qazlal
Ru
Trog
Uskayaw
Wu Jian
Xom
Yredelemnul
Zin
The Shining One
Jiyva

Shops:
D:6 ?((   D:14 [   Orc:2 (:!(

Portals:
Trove: D:12 (give +4 demon blade)

Annotations:
D:4 Dowan, Duvessa
D:15 3 runed translucent doors, Uwkoecio's ghost, journeyman HOFi


Innate Abilities, Weirdness & Mutations

Your life essence is reduced to manifest your ancestor. (-10% HP)
You are immune to sickness and miasma.
You are immune to poison.
Your flesh is very heat resistant. (rF++)
You are vulnerable to cold. (rC-)
You float through the air rather than walking.
You learn spells naturally, not from books.
Your magical power is your life essence.
You have superior vitality. (+4 MHP)
You have sharp fingernails.
Your spells are a little harder to cast, but a little more powerful.


Message History

The +1 vorpal dire flail completely misses Eadburga.
The +0 war axe of electrocution is engulfed in blazing flames.
You hear a shout! x2
The +1 vorpal dire flail is engulfed in blazing flames.
The +1 vorpal dire flail barely misses Eadburga.
Eadburga hits the +1 vorpal dire flail but does no damage.
The +0 war axe of electrocution is engulfed in blazing flames.
The +1 vorpal dire flail is engulfed in blazing flames.
Eadburga blocks the +1 vorpal dire flail's attack.
Eadburga closely misses the +1 vorpal dire flail.
The +1 vorpal dire flail is engulfed in blazing flames.
Eadburga blocks the +1 vorpal dire flail's attack.
Casting: Inner Flame (safe; 1% risk of failure)
Confirm with . or Enter, or press ? or * to list all spells.
Flames lash the +1 vorpal dire flail but do no damage.
The +1 vorpal dire flail hits Eadburga!
Eadburga misses the +1 vorpal dire flail.
Casting: Scorch (safe; 1% risk of failure)
Confirm with . or Enter, or press ? or * to list all spells.
Flames lash the +1 vorpal dire flail but do no damage.
The +1 vorpal dire flail is engulfed in blazing flames.
The +1 vorpal dire flail hits Eadburga.
Eadburga closely misses the +1 vorpal dire flail.
The +1 vorpal dire flail is engulfed in blazing flames.
The +1 vorpal dire flail hits Eadburga!
Eadburga is destroyed!
The +0 war axe of electrocution is engulfed in blazing flames.
There is a stone staircase leading down here.
The +1 vorpal dire flail hits you! The +1 vorpal dire flail hits you.
There is a stone staircase leading up here.
The +1 vorpal dire flail barely misses you.
You fly upwards.
There is a stone staircase leading down here.
Casting: Scorch (safe; 1% risk of failure)
Confirm with . or Enter, or press ? or * to list all spells.
An eight-headed hydra appears.
The +1 vorpal dire flail hits you!
* * * LOW HITPOINT WARNING * * *
x2 The +1 vorpal dire flail hits you!
You die...

........>.....#..# #........## #
[.............#..# #.........## #
.[............#..###..[......)###
...........[..'....'...........'.
........[.....'...##..........###
(.............##.###.........## #
.......####'####.# #####'##### #
[......####.# #D# #.# #
....[[.'....## #@#######.# #
#......'.....###(........# #
#......#.#........#####..#####
#......#.##..####.# #......#
#......#.##..# #.# ##'#'#'#
..###'##.##..# #.# #)#.#.# ..#
#.##.##..# #.# #############
#.###.##.##..####.###....).......
#.......)...........#.<))))).....


You could see a +1 vorpal dire flail (ally target) and a friendly eight-headed
hydra (summoned).

Vanquished Creatures
  Jorgrun (D:13)
  Gastronok (D:8)
  2 fire dragons
  A boulder beetle (D:12)
  9 hydras
  8 two-headed ogres
  2 catoblepae (Lair:5)
  6 centaur warriors
  A vault guard (D:14)
  3 death knights
  13 death yaks
  2 dancing weapons (Elf:1)
  A tengu warrior (D:11)
  An orc high priest (Elf:1)
  Urug (D:13)
  2 deep elf knights (Elf:1)
  Amaemon (Lair:3)
  A shadow wraith (D:12)
  2 skeletal warriors (D:15)
  Lodul (D:10)
  2 orc knights
  A wizard (D:12)
  A lindwurm (Lair:5)
  8 deep elf pyromancers
  7 deep elf zephyrmancers (Elf:1)
  3 deep elf archers (Elf:1)
  5 cyclopes
  2 oklob plants (Lair:3)
  5 orc sorcerers
  11 ugly things
  3 manticores
  3 black mambas
  A torpor snail (Lair:2)
  2 cane toads
  A gargoyle (D:13)
  An orange demon (Lair:3)
  3 rime drakes
  A kobold demonologist (D:9)
  7 komodo dragons
  A polar bear (Lair:4)
  A troll (D:9)
  4 blink frogs (Lair:5)
  7 dream sheep
  A water elemental (Elf:1)
  4 wyverns
  Sigmund (D:5)
  40 yaks
  2 air elementals
  2 vampires
  Eustachio (D:6)
  Grum (D:10)
  3 wraiths
  A human (shapeshifter) (D:13)
  2 steam dragons (D:7)
  5 vampire mosquitoes
  5 basilisks
  6 redbacks (D:13)
  Edmund (D:4)
  17 wargs
  8 water moccasins
  A meliai simulacrum (D:11)
  13 orc warriors
  6 sky beasts (D:7)
  A black bear (Lair:2)
  17 centaurs
  5 ogres
  5 wolves
  3 phantoms
  3 kobold brigands
  A necrophage (D:5)
  Blork the orc (D:4)
  6 bullfrogs
  4 gnoll sergeants (D:9)
  3 scorpions
  6 howler monkeys
  3 jellies
  Crazy Yiuf (D:5)
  5 hounds
  9 orc priests
  3 gnoll boudas
  2 iguanas
  33 orc wizards
  5 gnolls (D:5)
  10 adders
  2 white imps (D:7)
  4 worms
  2 dart slugs
  40 orcs
  2 ball pythons
  7 bats
  5 endoplasms
  A giant cockroach (D:1)
  3 goblins
  6 hobgoblins
  2 jackals (D:2)
  3 quokkas
  5 frilled lizards
  17 kobolds
  5 rats
  2 bushes
491 creatures vanquished.

Vanquished Creatures (collateral kills)
  Snorg (D:13)
  2 fire dragons
  Erolcha (D:13)
  3 hydras
  2 boulder beetles
  A centaur warrior (D:14)
  2 catoblepae
  A dancing weapon (Elf:1)
  12 death yaks
  3 two-headed ogres
  A deep elf knight (Elf:1)
  A bog body (Lair:3)
  3 deep elf archers (Elf:1)
  4 deep elf zephyrmancers
  2 orc sorcerers (Orc:2)
  4 deep elf pyromancers (Elf:1)
  2 oklob plants (Lair:3)
  3 ugly things
  A cyclops (D:15)
  4 manticores
  A moth of wrath (shapeshifter) (D:13)
  Joseph (Lair:1)
  3 black mambas
  8 cane toads
  5 komodo dragons
  A kobold demonologist (D:9)
  3 rime drakes
  4 trolls (D:11)
  A slime creature (D:11)
  2 dream sheep (Lair:2)
  2 wraiths
  5 wyverns
  A vampire (D:11)
  A shadow (D:11)
  2 water elementals (Elf:1)
  A fire elemental (Elf:1)
  26 yaks
  3 basilisks
  A redback (D:13)
  4 wargs
  5 vampire mosquitoes (D:10)
  5 water moccasins
  A black bear (Lair:4)
  4 orc warriors
  2 centaurs (D:12)
  2 ogres
  3 wolves
  A nameless horror (Lair:5)
  3 kobold brigands
  4 bullfrogs
  A scorpion (shapeshifter) (D:13)
  An earth elemental (Elf:1)
  3 orc priests
  A gnoll bouda (D:9)
  12 orc wizards
  7 hell rats (Lair:4)
  A worm (shapeshifter) (D:15)
  14 orcs
  7 foxfires
205 creatures vanquished.

Vanquished Creatures (others)
  2 ancestors (D:8)
  11 knights
  821 foxfires
  30 fungi
  47 plants
911 creatures vanquished.

Grand Total: 1607 creatures vanquished

Notes
Turn   | Place    | Note
-------+----------+-------------------------------------------
     0 | D:1      | javelincjr the Djinni Fire Elementalist began the quest for
                  | the Orb.
     0 | D:1      | javelincjr set off with the following spells memorised:
                  | Foxfire, Scorch, Conjure Flame, Inner Flame, Flame Wave.
     0 | D:1      | Reached XP level 1. HP: 15/15 MP: 0/0
   125 | D:1      | Reached XP level 2. HP: 19/21 MP: 0/0
   575 | D:1      | Reached skill level 3 in Spellcasting
   606 | D:1      | Reached XP level 3. HP: 24/25 MP: 0/0
   606 | D:1      | Learned a level 1 spell: Sting
  1436 | D:2      | Reached XP level 4. HP: 21/31 MP: 0/0
  1721 | D:2      | Found a shimmering altar of Xom.
  2191 | D:3      | Identified the +5 dagger of Veroroim {freeze, +Blink Str-5
                  | Int+5 Dex+4}
  2558 | D:3      | Found a faded altar of an unknown god.
  2765 | D:4      | Reached XP level 5. HP: 35/35 MP: 0/0
  2765 | D:4      | Learned a level 2 spell: Wereblood
  2797 | D:4      | Noticed a phantom
  2802 | D:4      | Killed a phantom
  2802 | D:4      | Noticed Blork the orc
  2803 | D:4      | Reached skill level 1 in Short Blades
  2803 | D:4      | Noticed Dowan
  2806 | D:4      | Noticed Duvessa
  2807 | D:4      | Killed Blork the orc
  2808 | D:4      | Reached skill level 4 in Spellcasting
  2808 | D:4      | Reached XP level 6. HP: 26/41 MP: 0/0
  2957 | D:4      | Noticed Edmund
  2970 | D:4      | Killed Edmund
  2971 | D:4      | Reached XP level 7. HP: 24/46 MP: 0/0
  2971 | D:4      | Learned a level 3 spell: Ozocubu's Armour
  3849 | D:5      | Entered Level 5 of the Dungeon
  3853 | D:5      | Found the necklace of Bloodlust {*Rage Will++ Int-3 Slay+6}
  3865 | D:5      | Reached skill level 1 in Fighting
  4208 | D:5      | Reached skill level 5 in Spellcasting
  4275 | D:5      | Reached XP level 8. HP: 41/52 MP: 0/0
  4279 | D:5      | Reached skill level 1 in Armour
  4688 | D:5      | Found a runed translucent door.
  4689 | D:5      | Noticed Crazy Yiuf
  4696 | D:5      | Killed Crazy Yiuf
  4864 | D:5      | Noticed Sigmund
  4876 | D:5      | Killed Sigmund
  4877 | D:5      | Reached skill level 6 in Spellcasting
  5292 | D:6      | Reached XP level 9. HP: 51/57 MP: 0/0
  5292 | D:6      | Learned a level 4 spell: Summon Ice Beast
  5489 | D:6      | Found a staircase to the Ecumenical Temple.
  5498 | Temple   | Entered the Ecumenical Temple
  5773 | Temple   | Became a worshipper of Hepliaklqana the Forgotten
  6100 | Temple   | Gained mutation: You have sharp fingernails. [potion of
                  | mutation]
  6100 | Temple   | Gained mutation: Your spells are a little harder to cast,
                  | but a little more powerful. [potion of mutation]
  6170 | D:6      | Reached skill level 7 in Spellcasting
  6307 | D:6      | Noticed Eustachio
  6312 | D:6      | Killed Eustachio
  6374 | D:6      | Found Cuosudod's Antique Weapon Boutique.
  6396 | D:6      | Found Ulyul's Weapon Shop.
  6437 | D:6      | Found Nasauson's Magic Scroll Shop.
  6838 | D:7      | Reached skill level 8 in Spellcasting
  7158 | D:7      | Reached * piety under Hepliaklqana
  7417 | D:7      | Reached XP level 10. HP: 50/56 MP: 0/0
  7869 | D:8      | Noticed Gastronok
  7879 | D:8      | Killed Gastronok
  7880 | D:8      | Reached skill level 9 in Spellcasting
  8010 | D:8      | HP: 2/57 [orc priest/divine providence (10)]
  8027 | D:8      | Reached skill level 5 in Dodging
  8455 | D:8      | Reached skill level 10 in Spellcasting
  9095 | D:8      | Reached XP level 11. HP: 51/61 MP: 0/0
  9095 | D:8      | Learned a level 5 spell: Silence
  9495 | D:9      | Reached ** piety under Hepliaklqana
  9496 | D:9      | Remembered your ancestor Eadburga as a knight
  9510 | D:9      | Noticed a manticore
  9515 | D:9      | Killed a manticore
  9672 | D:9      | Reached skill level 11 in Spellcasting
  9686 | D:9      | Noticed a two-headed ogre
  9704 | D:9      | Killed a two-headed ogre
  9714 | D:9      | Noticed a two-headed ogre
  9726 | D:9      | Killed a two-headed ogre
  9802 | D:9      | Noticed a two-headed ogre
  9805 | D:9      | Noticed a two-headed ogre
  9930 | D:9      | Noticed a deep elf pyromancer
  9939 | D:9      | Killed a deep elf pyromancer
  9980 | D:9      | Noticed a soul eater
 10236 | D:9      | Noticed a two-headed ogre
 10242 | D:9      | Killed a two-headed ogre
 10243 | D:9      | Reached skill level 12 in Spellcasting
 10257 | D:9      | Noticed a sixfirhy
 10967 | D:9      | Killed a two-headed ogre
 10967 | D:9      | Killed a two-headed ogre
 10968 | D:9      | Reached skill level 1 in Evocations
 10968 | D:9      | Reached XP level 12. HP: 40/66 MP: 0/0
 12281 | D:9      | Noticed a two-headed ogre
 12285 | D:9      | Killed a two-headed ogre
 12286 | D:9      | Reached skill level 5 in Armour
 12449 | D:10     | Entered Level 10 of the Dungeon
 12694 | D:10     | Reached skill level 13 in Spellcasting
 12887 | D:10     | Noticed Lodul
 12892 | D:10     | Killed Lodul
 13258 | D:10     | Noticed Grum
 13266 | D:10     | Killed Grum
 13805 | D:11     | Reached XP level 13. HP: 51/70 MP: 0/0
 13805 | D:11     | Learned a level 5 spell: Alistair's Intoxication
 13807 | D:11     | Noticed a fire dragon
 13814 | D:11     | Killed a fire dragon
 14179 | D:11     | Noticed a five-headed hydra
 14183 | D:11     | Killed a five-headed hydra
 14221 | D:11     | Reached skill level 14 in Spellcasting
 14221 | D:11     | Reached skill level 5 in Evocations
 14463 | D:11     | Noticed a fire dragon
 14479 | D:11     | Killed a fire dragon
 14508 | D:11     | Noticed a centaur warrior
 14830 | D:11     | Killed a centaur warrior
 14846 | D:11     | Found a staircase to the Lair.
 15266 | D:11     | Noticed a seven-headed hydra
 15271 | D:11     | Killed a seven-headed hydra
 15309 | D:11     | Noticed a six-headed hydra
 15386 | D:11     | HP: 3/70 [six-headed hydra (6)]
 15681 | D:10     | Killed a six-headed hydra
 16362 | D:11     | Reached *** piety under Hepliaklqana
 16947 | D:12     | Noticed a seven-headed hydra
 16954 | D:12     | Killed a seven-headed hydra
 16955 | D:12     | Reached XP level 14. HP: 43/75 MP: 0/0
 17292 | D:12     | Found a staircase to the Orcish Mines.
 17894 | D:12     | Found a portal to a secret trove of treasure.
 17959 | D:12     | Reached skill level 15 in Spellcasting
 18668 | D:13     | Noticed Erolcha
 18678 | D:13     | Killed Erolcha
 19032 | D:13     | Noticed Jorgrun
 19037 | D:13     | Killed Jorgrun
 19271 | D:13     | Reached **** piety under Hepliaklqana
 19409 | D:13     | Noticed Urug
 19418 | D:13     | Killed Urug
 19552 | D:13     | Noticed Snorg
 19555 | D:13     | Killed Snorg
 20346 | D:14     | Found an iron altar of Okawaru.
 20439 | D:14     | HP: 2/76 [cloud of flame (4)]
 20576 | D:14     | Found Ybumn's Antique Armour Boutique.
 20584 | D:14     | Bought a pair of embroidered gloves for 292 gold pieces
 21123 | D:14     | Reached XP level 15. HP: 33/80 MP: 0/0
 21123 | D:14     | Learned a level 6 spell: Summon Cactus Giant
 21176 | D:14     | Found a gate to the Vaults.
 21295 | D:15     | Entered Level 15 of the Dungeon
 21299 | D:15     | Found a runed translucent gate.
 21300 | D:15     | Found a runed translucent gate.
 21301 | D:15     | Found a runed translucent gate.
 21302 | D:15     | Noticed Uwkoecio's ghost (journeyman HOFi)
 21476 | D:15     | Reached skill level 10 in Armour
 21545 | D:15     | Reached skill level 16 in Spellcasting
 21546 | D:15     | Reached skill level 5 in Stealth
 21926 | D:15     | Found a staircase to the Depths.
 22359 | Lair:1   | Entered Level 1 of the Lair of Beasts
 22410 | Lair:1   | Reached ***** piety under Hepliaklqana
 22450 | Lair:1   | Noticed Joseph
 22459 | Lair:1   | Killed Joseph
 23475 | Lair:2   | Found a hole to the Spider Nest.
 23694 | Lair:2   | Reached XP level 16. HP: 50/84 MP: 0/0
 23719 | Lair:2   | Reached skill level 17 in Spellcasting
 24052 | Lair:3   | Found a staircase to the Swamp.
 24264 | Lair:3   | Noticed Amaemon
 24273 | Lair:3   | Killed Amaemon
 24480 | Lair:3   | Found a stormy altar of Qazlal.
 25682 | Lair:4   | Identified the +7 quarterstaff "Ukkir" {vamp, rC+ MP+9
                  | Int-2 SInv}
 26061 | Lair:5   | Entered Level 5 of the Lair of Beasts
 26482 | Lair:5   | Reached ****** piety under Hepliaklqana
 27003 | Lair:5   | Reached skill level 18 in Spellcasting
 27273 | Lair:5   | Identified the amulet "Ezuengit" {Spirit +Blink}
 27306 | Lair:5   | Found a viscous altar of Jiyva.
 27308 | Lair:5   | Found a staircase to the Slime Pits.
 27804 | Orc:1    | Entered Level 1 of the Orcish Mines
 28085 | Orc:2    | Entered Level 2 of the Orcish Mines
 28871 | Orc:2    | Reached XP level 17. HP: 83/90 MP: 0/0
 28871 | Orc:2    | Learned a level 7 spell: Summon Hydra
 28917 | Orc:2    | Paralysed by an orc sorcerer for 3 turns
 28929 | Orc:2    | Found Nazaczer's Book Shop.
 28929 | Orc:2    | Found Buadirph's Weapon Emporium.
 29109 | Orc:2    | Found Xipnuts's Antique Weapon Shop.
 29109 | Orc:2    | Found Rurhit's Distillery.
 29133 | Orc:2    | Bought a potion of invisibility for 104 gold pieces
 29133 | Orc:2    | Bought a potion of heal wounds for 65 gold pieces
 29133 | Orc:2    | Bought a potion of heal wounds for 65 gold pieces
 29144 | Orc:2    | Found a staircase to the Elven Halls.
 29411 | Elf:1    | Entered Level 1 of the Elven Halls
 29538 | Elf:1    | Reached skill level 10 in Evocations
 31085 | Elf:2    | Paralysed by an air elemental for 1 turns
 31103 | Elf:1    | Slain by a +1 vorpal dire flail

Illustrated notes

Levels and vault maps discovered:
D:1:      spicycebolla_arrival_xxxplode, layout_basic,
          chequers_serial_rivers_small_b, minmay_hexomino_f4
D:2:      layout_loops_ring, basic_altar, kennysheep_cluttered_room,
          kennysheep_generic_room_13
D:3:      layout_rooms, shapermc_ecumenical_altar_ellora
D:4:      layout_basic, st_stairs_3, uniq_blork_the_orc, uniq_duvessa,
          uniq_edmund
D:5:      layout_rooms, grunt_decor_junction, uniq_crazy_yiuf_cottage,
          uniq_sigmund
D:6:      layout_basic, minmay_temple_entry_water_ring, serial_shops, shop,
          shop_fountains, shop, uniq_eustachio
D:7:      layout_gridville, hangedman_misty_isle
D:8:      layout_loops_ring, mainiacjoe_overflow_alcove_2,
          serial_bayou_crossing, uniq_gastronok
D:9:      lemuel_castle_with_subvaults [lemuel_castle_interior_carwin_2],
          layout_stronghold
D:10:     layout_roguey, uniq_grum, uniq_lodul
D:11:     minmay_the_grid_4x2 [minmay_the_grid_odd_star,
          minmay_the_grid_gridbox, minmay_the_grid_armoury,
          minmay_the_grid_large_cup, minmay_the_grid_spikes,
          minmay_the_grid_dragon_b, minmay_the_grid_minigrid_medium,
          minmay_the_grid_prize_shrinking_boxes], layout_loops_corners,
          lair_entry_dummy
D:12:     minmay_diamond_stairs, layout_loops_corners, orc_0_dummy,
          nicolae_trove_entry_free_sample, patterned_corridor
D:13:     layout_roguey, drop_trap, uniq_snorg, uniq_urug, uniq_erolcha,
          uniq_jorgrun
D:14:     layout_roguey, david_vaults_5, kennysheep_nondescript, serial_shops,
          nicolae_square_shop, okawaru_gym_becter
D:15:     grunt_enter_depths_hoard, layout_loops_ring,
          gammafunk_ghost_tricky_traps, glass_columns_a
Temple:   compressed_dpeg_triangle_lava_temple
Lair:1:   layout_cave_shapes, minivault_24, beast_lair_carwin_11, uniq_joseph
Lair:2:   layout_long_grid, dummy_spider_entry, nzn_random_ring
Lair:3:   layout_chaotic_city, skrybe_swamp_entry_bodies, basic_altar,
          dpeg_oklob_1, serial_bayou_shore_a, uniq_amaemon
Lair:4:   layout_cave_pods, lemuel_fruit_tree
Lair:5:   evilmike_catoblepas_cave, layout_long_grid,
          minmay_slime_entry_oklob_enclosed
Orc:1:    layout_diamond_mine, ebering_ghost_inner_flame, serial_shops, shop
Orc:2:    st_orc_town, layout_diamond_mine, basic_altar
Elf:1:    minmay_elf_arrival_summoners, layout_gridlike,
          hangedman_corner_corridor
Elf:2:    elven_hall_of_blades_hangedman_original
          [nicolae_blade_entry_floor_patterns], layout_geoelf_diagonals,
          portal_ice_cave_entry_pillars_1, serial_shops, nicolae_shop_stone,
          nicolae_shop_bloodbath_and_beyond, grunt_ministairs_12

Skill      XL: |  1  2  3  4  5  6  7  8  9 10 11 12 13 14 15 16 17 |
---------------+----------------------------------------------------+-----
Spellcasting   | 3 4 5 6 8 10 12 13 14 15 16 18 | 18.8
Stealth        | 2 3 4 5 |  5.2
Short Blades   | 1 2 3 |  3.9
Dodging        | 3 4 5 |  5.6
Fighting       | 1 2 |  2.6
Armour         | 2 3 4 6 8 9 10 11 | 11.9
Evocations     | 1 4 6 7 8 9 10 | 10.4
Shields        | |  0.6

Action                   |  1- 3 |  4- 6 |  7- 9 | 10-12 | 13-15 | 16-18 || total
-------------------------+-------+-------+-------+-------+-------+-------++-------
Melee: Unarmed           |     2 |       |       |       |       |       ||     2
       Short sword       |    44 |     6 |       |       |       |       ||    50
       Dagger            |       |    19 |    35 |    12 |    22 |    24 ||   112
       Quarterstaff      |       |       |       |       |       |     4 ||     4
 Cast: Foxfire           |    30 |    15 |    73 |    92 |   123 |   144 ||   477
       Scorch            |     3 |    15 |    39 |    78 |   213 |    94 ||   442
       Inner Flame       |       |     4 |    22 |    83 |   123 |   161 ||   393
       Wereblood         |       |     1 |       |       |       |       ||     1
       Flame Wave        |       |       |     1 |       |     3 |     1 ||     5
       Ozocubu's Armour  |       |       |     1 |       |     1 |       ||     2
       Summon Ice Beast  |       |       |     1 |     3 |    10 |     3 ||    17
       Sting             |       |       |       |     1 |    27 |     4 ||    32
       Alistair's Intoxi |       |       |       |       |     1 |     4 ||     5
       Summon Cactus Gia |       |       |       |       |    14 |    15 ||    29
       Summon Hydra      |       |       |       |       |       |    11 ||    11
Invok: Ancestor Life: Kn |       |       |       |     1 |       |       ||     1
 Abil: Evoke Blink       |       |       |       |       |     3 |       ||     3
Evoke: Piece from Xom's  |       |       |       |       |       |     4 ||     4
       Lightning rod     |       |       |       |       |       |     4 ||     4
  Use: Scroll            |       |       |    13 |     5 |     9 |     2 ||    29
       Potion            |       |       |     8 |     1 |     4 |       ||    13
 Stab: Sleeping          |     1 |     3 |     1 |     1 |       |       ||     6
       Invisible         |       |       |       |       |     1 |       ||     1
       Distracted        |       |       |       |       |     1 |     1 ||     2
Armor: Robe              |     8 |     5 |       |       |       |       ||    13
       Leather armour    |       |       |    24 |     4 |       |       ||    28
       Chain mail        |       |       |       |    20 |    73 |       ||    93
       Troll leather arm |       |       |       |       |    18 |    32 ||    50
Dodge: Dodged            |    39 |    24 |    31 |    23 |    73 |    53 ||   243
Block: Kite shield       |       |       |       |       |    11 |    16 ||    27
